 Dungeon Crawl Stone Soup version 0.18-a0-1797-gc18daef (webtiles) character file.

16 Duffy the Covered (level 2, 0/19 HPs)
             Began as a Formicid Wanderer on Apr 22, 2016.
             Was an Initiate of Cheibriados.
             Succumbed to a scorpion's poison
             ... on level 4 of the Dungeon.
             The game lasted 00:01:01 (486 turns).

Duffy the Covered (Formicid Wanderer)                Turns: 486, Time: 00:01:01

Health: 0/19       AC:  8    Str: 16    XL:     2   Next: 70%
Magic:  2/2        EV:  9    Int: 14    God:    Cheibriados [......]
Gold:   22         SH:  0    Dex: 10    Spells: 0 memorised, 1 level left

rFire  . . .     SeeInvis +     d - +0 club
rCold  . . .     Gourm    .     a - +2 scale mail
rNeg   . . .     Faith    .     (no shield)
rPois  .         Spirit   .     (helmet unavailable)
rElec  .         Dismiss  .     (no cloak)
rCorr  .         Reflect  .     (no gloves)
SustAt .         Harm     .     (no boots)
MR     .....                    (no amulet)
Stlth  ..........               (no ring)
                                (no ring)

@: lethally poisoned (0 -> -7), slow, not resistant to hostile enchantments,
extremely unstealthy
A: permanent stasis, dig shafts and tunnels, four strong arms, antennae 3
a: Dig, Shaft Self, Bend Time, Renounce Religion


You were on level 4 of the Dungeon.
You worshipped Cheibriados.
Cheibriados was noncommittal.
You were not hungry.

You visited 2 branches of the dungeon, and saw 7 of its levels.

You collected 22 gold pieces.


Innate Abilities, Weirdness & Mutations

You are under a permanent stasis effect.
You can dig through walls and to a lower floor.
Your four strong arms can wield two-handed weapons with a shield.
You have a pair of large antennae on your head (SInv).


   Skills:
 + Level 0.2 Fighting
   Level 2.0 Axes
 - Level 1.6 Throwing
 - Level 3.5 Armour
 - Level 2.1 Stealth
   Level 2.4 Air Magic


You had one spell level left.
You didn't know any spells.

Inventory:

Hand Weapons
 d - a +0 club (weapon)
Armour
 a - a +2 scale mail (worn)
Jewellery
 k - an uncursed ring of ice
Scrolls
 h - a scroll of enchant weapon {unknown}
 i - 2 scrolls of identify {unknown}
Potions
 c - 2 potions of curing
 e - a potion of brilliance {unknown}
 j - a potion of resistance {unknown}
Books
 b - the Almanac of Flight

   Spells                             Type                      Level
   a - Shock                          Conjuration/Air              1
   b - Static Discharge               Conjuration/Air              3
Comestibles
 f - a bread ration
 g - a beef jerky

Dungeon Overview and Level Annotations

Branches:
Dungeon (6/15)             Temple (1/1) D:6

Altars:
Ashenzari
Cheibriados
Dithmenos
Elyvilon
Fedhas
Gozag
Nemelex Xobeh
Okawaru
Pakellas
Qazlal
Ru
Sif Muna
Trog
Vehumet
Xom
Yredelemnul
Zin
The Shining One


Message History

You are too injured to fight recklessly!
You are too injured to fight recklessly!
You are too injured to fight recklessly!
You are too injured to fight recklessly!
You are too injured to fight recklessly!
You are too injured to fight recklessly!
You are too injured to fight recklessly!
You are too injured to fight recklessly!
You are too injured to fight recklessly!
You are too injured to fight recklessly!
You are too injured to fight recklessly!
You are too injured to fight recklessly!
You completely miss the scorpion.
The scorpion is lightly wounded.
The scorpion barely misses you.
You closely miss the scorpion.
The scorpion is lightly wounded.
The scorpion stings you.
You are lethally poisoned!
The scorpion poisons you!
You hit the scorpion but do no damage.
The scorpion is lightly wounded.
You feel sick.
The scorpion stings you but does no damage.
You hit the scorpion.
The scorpion is lightly wounded.
You feel sick. The scorpion barely misses you.
You hit the scorpion but do no damage.
The scorpion is lightly wounded.
The scorpion stings you but does no damage. x2
A jackal comes into view.
Unknown command.
Unknown command.
Unknown command.
You die...

. ..
##########...h
#...........#
#..######..#
#..##.....#
#>....@..#
#..##.#s##
#..##.#..#
....##+#...#
.....# ....#
.......#
.....#
#####..#
....... #..#
.......
.....$........


You could see a scorpion and a jackal (wandering).

Action                   || total
-------------------------++-------
Melee: Club              ||    34
 Abil: Shaft Self        ||     4
Armor: Scale mail        ||    25
Dodge: Dodged            ||    18

Notes
Turn   | Place    | Note
--------------------------------------------------------------
     0 | D:1      | Duffy the Formicid Wanderer began the quest for the Orb.
     0 | D:1      | Duffy set off with: a +2 scale mail, the Almanac of Flight, a potion of curing, a +0 club, a bread ration
     0 | D:1      | Reached XP level 1. HP: 13/13 MP: 1/1
    14 | D:1      | You fall through a shaft!
    24 | D:2      | You fall through a shaft!
    27 | D:3      | You fall through a shaft!
    31 | D:4      | You fall through a shaft!
    31 | D:5      | Entered Level 5 of the Dungeon
    34 | D:5      | You fall through a shaft!
    66 | D:6      | Reached skill level 2 in Stealth
    66 | D:6      | Reached XP level 2. HP: 9/19 MP: 2/2
   218 | D:6      | Found a staircase to the Ecumenical Temple.
   228 | Temple   | Entered the Ecumenical Temple
   379 | Temple   | Became a worshipper of Cheibriados the Contemplative
   474 | D:4      | Noticed a scorpion
   486 | D:4      | Succumbed to a scorpion's poison

Vault maps used:
D:1:      dpeg_arrival_central
D:2:      lightli_temple_of_fire, ecumenical_altar_1, first_bread,
          kennysheep_generic_room_9, uniq_natasha
D:4:      serial_shops, shop, nemelex_diamond_rough_becter
D:5:      uniq_eustachio
D:6:      temple_pool_b, serial_shops, nicolae_shop_window_shopping
Temple:   kilobyte_greek_temple_18

Vanquished Creatures
  A hound zombie
  A quokka
2 creatures vanquished.
